← All builds
Suicide front / Armada / Factory first / OBSERVED BUILD

Standard suicide front

Armada Suicide front build order · Supreme Isthmus

The role's baseline: Bot Lab at 0:21 then straight into reclaim-fed T1 bot production to contest the middle and hold until T2 arrives, with an Advanced Metal Extractor around 9:45.

#rush · 2020 distinct matches · 232 players · 71% of Armada Suicide front games · team won 59% of 2395 · Recently observed

HOW TO PLAY IT

Key timing: Bot Lab by 0:20

  1. Open with mex and lab-first to get Bot Lab up by 0:20.
  2. Expand mex and wind while lab pumps units toward middle.
  3. Push Sentry and early Rocketeer, Centurion to contest middle.
  4. Get T2 constructor out once Pond's boost lets you spare metal.
  5. Upgrade mex to Advanced Metal Extractor as you transition off T1 spam.

Phase by phase

TYPICAL OF ITS 2020 GAMES
  1. 1
  2. 2
  3. 3
PLAY THE OPENING

Follow the example game's first 6:00 step by step: what to build now, what comes next, and where it goes. At 1× it keeps pace with your own game.

  1. 1

    Bot Lab first

    Order
    1. Bot LabBot Lab done ~0:21, middle half 0:20–0:33

    Some games also: mex (44%)

  2. 2

    Bot Lab to 5:00

    Economy
    • Metal Extractor5Mex
    • Wind Turbine4Wind
    Builders
    • Construction Bot3 Con bot
    • Lazarus2 Lazarus
    Army
    • Sentry4 Sentry
    • Rocketeer16 Rocketeer
    • Tick2 Tick
    • Centurion1 Centurion
    Other
    • Radar Tower1 Radar Tower

    Some games also: pawn (37%) · con turret (34%)

    By 5:00 in all: 5 mex · 4 wind

    The example game in this phase · 37 steps
    1. Mex
    2. LazarusLazarus
    3. Construction BotCon bot
    4. SentrySentry
    5. Construction BotCon bot ×2
    6. Mex ×2
    7. SentrySentry
    8. LazarusLazarus
    9. CenturionCenturion
    10. Mex ×2
    11. TickTick
    12. RocketeerRocketeer
    13. SentrySentry
    14. RocketeerRocketeer
    15. Wind
    16. RocketeerRocketeer
    17. SentrySentry
    18. RocketeerRocketeer ×2
    19. Wind
    20. SentrySentry
    21. TickTick
    22. RocketeerRocketeer
    23. SentrySentry ×2
    24. RocketeerRocketeer
    25. SentrySentry
    26. NettleNettle
    27. RocketeerRocketeer
    28. SentrySentry
    29. Wind
    30. RocketeerRocketeer ×2
    31. Wind
    32. TickTick
    33. CenturionCenturion
    34. RocketeerRocketeer ×4
    35. Radar TowerRadar Tower
    36. RocketeerRocketeer ×4
    37. LazarusLazarus ×2
  3. 3

    5:00 to 10:00

    Economy
    • Metal Extractor1Mex
    • Wind Turbine15Wind
    Builders
    • Construction Turret2 Con turret
    • Lazarus2 Lazarus
    • Construction Bot1 Con bot
    Army
    • Sentry1 Sentry
    • Rocketeer8 Rocketeer

    Some games also: pawn (49%) · Radar Tower (46%) · tick (45%) · centurion (44%) · energy storage (43%) · eat Bot Lab (31%)

    By 10:00 in all: 6 mex · 21 wind · 1 energy storage · 2 con turret

    The example game in this phase · 111 steps
    1. RocketeerRocketeer
    2. LazarusLazarus ×2
    3. RocketeerRocketeer
    4. CenturionCenturion
    5. RocketeerRocketeer
    6. SentrySentry
    7. RocketeerRocketeer ×5
    8. CenturionCenturion
    9. RocketeerRocketeer ×4
    10. Construction BotCon bot
    11. RocketeerRocketeer
    12. Construction BotCon bot
    13. Energy storage ×2
    14. CenturionCenturion ×5
    15. Con turret
    16. BeamerBeamer
    17. Construction BotCon bot ×2
    18. Con turret
    19. Wind
    20. Construction BotCon bot
    21. Wind
    22. Construction BotCon bot
    23. Advanced Metal ExtractorT2 mexnot finished by 15:00 · typical 9:46
    24. Con turret
    25. Wind
    26. Advanced Metal ExtractorT2 mex
    27. Wind
    28. Advanced Metal ExtractorT2 mex ×2
    29. Wind ×3
    30. Advanced Metal ExtractorT2 mex
    31. Wind ×5
    32. CenturionCenturion
    33. RattlesnakeRattlesnakedone 11:44
    34. Con turret
    35. CenturionCenturion
    36. Converter
    37. Wind
    38. CenturionCenturion ×2
    39. Wind
    40. CenturionCenturion
    41. Wind
    42. Converter
    43. Wind
    44. CenturionCenturion
    45. Fortification WallFortification Wall
    46. Con turret
    47. Wind
    48. Fortification WallFortification Wall
    49. CenturionCenturion
    50. Fortification WallFortification Wall ×2
    51. Wind
    52. Fortification WallFortification Wall
    53. CenturionCenturion
    54. Fortification WallFortification Wall
    55. Con turret
    56. Converter
    57. Fortification WallFortification Wall
    58. Wind
    59. Fortification WallFortification Wall
    60. LazarusLazarus
    61. Wind
    62. Fortification WallFortification Wall
    63. LazarusLazarus
    64. Advanced Metal ExtractorT2 mex
    65. LazarusLazarus
    66. Wind
    67. CenturionCenturion
    68. Fortification WallFortification Wall
    69. Converter
    70. Wind
    71. Construction BotCon bot
    72. Fortification WallFortification Wall
    73. CenturionCenturion
    74. Fortification WallFortification Wall
    75. Wind
    76. Fortification WallFortification Wall ×2
    77. CenturionCenturion
    78. Fortification WallFortification Wall
    79. Advanced solar
    80. CenturionCenturion
    81. Wind
    82. Fortification WallFortification Wall ×3
    83. Wind
    84. Fortification WallFortification Wall
    85. Advanced solar
    86. Converter
    87. Fortification WallFortification Wall
    88. CenturionCenturion
    89. Fortification WallFortification Wall
    90. Wind
    91. Fortification WallFortification Wall
    92. Advanced solar
    93. CenturionCenturion
    94. Wind
    95. Fusion ReactorFusiondone 14:33
    96. Con turret ×2
    97. Advanced solar
    98. Wind
    99. Converter
    100. CenturionCenturion
    101. Con turret
    102. Wind
    103. CenturionCenturion
    104. Advanced solar
    105. Wind ×2
    106. Converter
    107. Advanced solar
    108. Wind
    109. BeamerBeamer ×2
    110. Fusion ReactorFusion
    111. Wind ×2

Counts are medians over the build's games: half of them build more, half fewer. The example game is Erilium's (46 OS, 12/10/2026); pick another.

Team trades

IN AT LEAST 30% OF ITS GAMES

You hand over

Nothing regular.

You get

  • Tidal Generator4 Tidal from Pondfirst at 0:11 · in 68% of games
  • Advanced Construction Bot1 T2 con bot from Geo or Techfirst at 7:41 · in 57% of games

How it plays out

Typical game of this build, running totals by minute

Metal produced

010k20k
0:005:0010:0015:00

metal

Enemy metal destroyed

05k10k
0:005:0010:0015:00

metal

Own metal lost

05k10k
0:005:0010:0015:00

metal

2395 games.

Show as table
ByMetal produced: This buildEnemy metal destroyed: This buildOwn metal lost: This build
1:0023000
2:0088600
3:002007184130
4:003108643501
5:0041841352998
6:00534921831707
7:00654430512590
8:00776039353502
9:00903546904383
10:001041253145163
11:001188958585965
12:001358364066686
13:001540468757453
14:001729875038214
15:001929281099007
WHAT THE NUMBERS SAY

Standard Suicide front play wins a bit over half its games while taking the heaviest own losses of any role by 15:00.

  • + Produces 20142 metal by 15:00, highest of the front roles.
  • + First kill by 2:01 in all games, fastest contest of middle.
  • − Own metal lost hits 9178 by 15:00, more than enemy metal destroyed.
  • − Only 34% Rocketeer share shows army spread thin across many bot types.
THE EXAMPLE YOU ARE READING

Erilium

46.0 OS · 12/10/2026

Open source match ↗

6 received units · includes a constructor
281 metal received · 162851 energy received

Allied construction assistance is unknown. Timings are observations, not a promise of solo reproducibility.

Typical milestones

Bot Lab0:21Middle 50%: 0:20–0:33 · n=2387
Advanced Metal Extractor9:46Middle 50%: 8:50–10:58 · n=1732

Played most by

_X_262games of this buildPlatinumBlonde188games of this buildXad165games of this buildTrapCaT109games of this buildImmort80games of this build